 Dungeon Crawl Stone Soup version 0.30-a0-778-g2ef04afb54 (webtiles) character file.

Game seed: 15119778533547931837

825 Leeroy the Slasher (level 7, -2/37 HPs)
             Began as a Vine Stalker Warper on Feb 16, 2023.
             Slain by a killer bee (3 damage)
             ... on level 4 of the Dungeon.
             The game lasted 00:06:04 (3636 turns).

Leeroy the Slasher (Vine Stalker Warper)            Turns: 3636, Time: 00:06:05

Health: -2/37      AC:  7    Str: 13    XL:     7   Next: 96%
Magic:  0/21       EV: 13    Int: 13    God:
Gold:   220        SH:  0    Dex: 16    Spells: 5/12 levels left

rFire   . . .      SeeInvis .    v - +0 long sword
rCold   . . .      Faith    .    (no shield)
rNeg    . . .      Spirit   +    b - +0 leather armour
rPois   .          Reflect  .    C - +0 helmet
rElec   .          Harm     .    E - +1 cloak "Fotywny" {Regen+ rCorr}
rCorr   +          Rampage  .    (no gloves)
Will    +....                    G - +0 pair of boots
Stlth   +                        (no amulet)
HPRegen 1.86/turn                g - ring of magical power
MPRegen 0.17/turn                k - ring of willpower

@: lethally poisoned (-2 -> -4)
A: fangs 2, regeneration 1, magic shield, antimagic bite, no potion heal 2
a: no special abilities


You were on level 4 of the Dungeon.
You visited 1 branch of the dungeon, and saw 5 of its levels.

You collected 220 gold pieces.

Inventory:

Hand Weapons
 a - a +0 falchion
 n - a +4 antimagic demon whip
 t - a +0 dagger of draining
 u - a +2 dagger of flaming
 v - a +0 long sword (weapon)
 H - a +2 dagger of venom
Missiles
 d - 7 boomerangs of dispersal (quivered)
 y - 7 poisoned darts
 J - 5 curare-tipped darts
 L - 2 silver boomerangs
 M - 6 boomerangs
 N - a throwing net
Armour
 b - a +0 leather armour (worn)
 C - a +0 helmet (worn)
 E - the +1 cloak "Fotywny" (worn) {Regen+ rCorr}
   (You found it on level 3 of the Dungeon)

   Regen:     It increases your rate of health regeneration.
   rCorr:     It protects you from acid and corrosion.
 G - a +0 pair of boots (worn)
Magical Staves
 K - a staff of poison
Jewellery
 g - a ring of magical power (left hand)
 k - a ring of willpower (right hand)
Wands
 I - a wand of polymorph (4)
 O - a wand of paralysis (6)
 P - a wand of iceblast (6)
Scrolls
 c - a scroll of blinking
 e - 3 scrolls of enchant armour {unknown}
 l - 2 scrolls of amnesia {unknown}
 m - a scroll of enchant weapon {unknown}
 o - 2 scrolls of teleportation {unknown}
 r - a scroll of silence {unknown}
 s - a scroll of vulnerability {unknown}
 w - 2 scrolls of noise {unknown}
 x - a scroll of poison {unknown}
 B - 3 scrolls of identify {unknown}
Potions
 f - 5 potions of heal wounds {unknown}
 h - 3 potions of might
 i - a potion of haste {unknown}
 j - 3 potions of lignification {unknown}
 p - a potion of berserk rage {unknown}
 q - a potion of curing {unknown}
 z - a potion of ambrosia {unknown}
 A - a potion of brilliance {unknown}
 D - 2 potions of attraction {unknown}
 F - 2 potions of degeneration {unknown}
 Q - a potion of cancellation {unknown}


   Skills:
 - Level 4.0 Fighting
 - Level 5.3 Long Blades
 - Level 0.8 Throwing
 - Level 0.7 Armour
 + Level 4.0 Dodging
 - Level 3.2 Spellcasting
 - Level 3.0 Translocations


You had 5 spell levels left.
You knew the following spells:

 Your Spells              Type           Power      Damage    Failure   Level
a - Blink                 Tloc           18%        N/A       13%         2
b - Vhi's Electric Charg  Tloc/Air       12%        N/A       43%         3
c - Wereblood             Tmut           2%         N/A       41%         2

Your spell library contained the following spells:

 Spells                   Type           Power      Damage    Failure   Level
 Lesser Beckoning         Tloc           18%        N/A       13%         2
 Teleport Other           Tloc           9%         N/A       26%         3
 Ensorcelled Hibernation  Hex/Ice        4%         N/A       41%         2
 Passwall                 Tmut/Erth      1%         N/A       41%         2
 Sublimation of Blood     Necr           2%         N/A       41%         2
 Manifold Assault         Tloc           9%         N/A       63%         4
 Swiftness                Air            2%         N/A       65%         3
 Summon Hydra             Summ           1%         N/A       100%        7


Dungeon Overview and Level Annotations

Branches:
Dungeon (5/15)
 Temple: D:4-7

Altars:
Elyvilon
Yredelemnul

Annotations:
D:4 3 runed translucent doors, ThereIsNoGod's ghost, amateur OpFi


Innate Abilities, Weirdness & Mutations

You have extremely sharp teeth.
Your natural rate of healing is unusually fast.
When hurt, damage is shared between your health and your magic reserves.
Your bite disrupts and absorbs the magic of your enemies.
Potions cannot restore your health.


Message History

The killer bee poisons you! The quokka attacks as you move away!
The quokka bites you but does no damage.
You feel very sick.
There is a stone staircase leading up here.
You feel sick. The killer bee closely misses you. The killer bee misses you.
The killer bee barely misses you. x2
You climb upwards.
Level annotation: 3 runed translucent doors, ThereIsNoGod's ghost, amateur OpFi You feel sick.
There is a stone staircase leading down here.
You miss the killer bee. Your bite misses the killer bee.
The killer bee is moderately wounded.
You feel sick.
The killer bee stings you. x2; The killer bee misses you.
The killer bee stings you!
You miss the killer bee. Your bite misses the killer bee.
The killer bee is moderately wounded.
You feel sick. The killer bee stings you. The killer bee misses you.
The killer bee barely misses you. The killer bee stings you.
The killer bee misses you. The killer bee barely misses you.
You feel sick. The killer bee closely misses you. The killer bee stings you!
* * * LOW HITPOINT WARNING * * *
The killer bee stings you.
* * * LOW HITPOINT WARNING * * *
You are more poisoned.
The killer bee poisons you!
The killer bee attacks as you move away!
The killer bee closely misses you.
The killer bee attacks as you move away!
The killer bee stings you but does no damage.
You feel sick. The killer bee stings you.
* * * LOW HITPOINT WARNING * * *
You are lethally poisoned!
The killer bee poisons you!
You slash the killer bee!
The killer bee is severely wounded.
* * * LOW HITPOINT WARNING * * *
You feel very sick. The killer bee stings you.
You die...

#.##.#.............#
#.##.#.............#
#.##.#####'#########
#.##.....).#
#.###..#####
#######.###.##
#.....#.#..y#
#.###.#.#.#y#
#.###.#.#.#@#
#.......#.###
#####.....# #######


You could see 2 killer bees.

Vanquished Creatures
  An ogre (D:4)
  A phantom (D:5)
  A scorpion (D:3)
  A water moccasin zombie (D:4)
  A howler monkey (D:4)
  A hound (D:4)
  An orc priest (D:4)
  An iguana (D:4)
  Jessica (D:2)
  4 orc wizards
  A hound zombie (D:4)
  Robin (D:2)
  11 gnolls (D:4)
  7 adders
  8 dart slugs
  6 orcs
  10 ball pythons
  3 bats
  5 endoplasms
  2 giant cockroaches
  15 goblins
  6 hobgoblins
  2 jackals (D:3)
  4 quokkas
  3 frilled lizards
  15 kobolds
  3 rats
115 creatures vanquished.

Vanquished Creatures (others)
  A dart slug (D:3)
1 creature vanquished.

Grand Total: 116 creatures vanquished

Notes
Turn   | Place    | Note
-------+----------+-------------------------------------------
     0 | D:1      | Leeroy the Vine Stalker Warper began the quest for the Orb.
     0 | D:1      | Reached XP level 1. HP: 11/11 MP: 4/4
    95 | D:1      | Reached skill level 2 in Long Blades
   425 | D:1      | Reached XP level 2. HP: 15/15 MP: 6/6
   701 | D:1      | Found a faded altar of an unknown god.
   798 | D:1      | You fall into a shaft and drop 1 floor!
   852 | D:2      | Reached skill level 3 in Long Blades
   852 | D:2      | Reached XP level 3. HP: 6/18 MP: 3/7
  1015 | D:2      | Noticed Jessica
  1029 | D:2      | Killed Jessica
  1030 | D:2      | Gained mutation: Your natural rate of healing is unusually
                  | fast. [Vine Stalker growth]
  1030 | D:2      | Reached XP level 4. HP: 9/23 MP: 1/8
  1197 | D:2      | Reached skill level 4 in Long Blades
  1304 | D:2      | Noticed Robin
  1325 | D:2      | Killed Robin
  1708 | D:2      | Reached XP level 5. HP: 20/26 MP: 4/9
  2117 | D:3      | Identified the +1 cloak "Fotywny" {Regen+ rCorr}
  2296 | D:3      | Reached XP level 6. HP: 32/32 MP: 5/10
  2653 | D:3      | Reached skill level 5 in Long Blades
  2809 | D:4      | Learned a level 2 spell: Blink
  2813 | D:4      | Learned a level 3 spell: Vhi's Electric Charge
  2816 | D:4      | Learned a level 2 spell: Wereblood
  2904 | D:4      | Reached XP level 7. HP: 35/37 MP: 11/11
  3015 | D:4      | Found a white marble altar of Elyvilon.
  3187 | D:4      | Noticed ThereIsNoGod's ghost (amateur OpFi)
  3188 | D:4      | Found a runed translucent gate.
  3188 | D:4      | Found a runed translucent gate.
  3188 | D:4      | Found a runed translucent gate.
  3190 | D:4      | Found a basalt altar of Yredelemnul.
  3429 | D:5      | Entered Level 5 of the Dungeon
  3636 | D:4      | HP: 1/37 [poisoned by a killer bee]
  3636 | D:4      | Slain by a killer bee

Illustrated notes

Levels and vault maps discovered:
D:1:      dpeg_arrival_solitude, layout_basic,
          dreamdust_ecumenical_altar_angels_and_demons, serial_corexii_hall,
          corexii_hall_statues_s, chequers_hall_statues_corner_a,
          chequers_hall_statues_corner_a, chequers_hall_statues_corner_a,
          chequers_hall_statues_y, corexii_hall_statues_t
D:2:      layout_loops_ring, uniq_jessica, uniq_robin
D:3:      kennysheep_slugbush, layout_loops_ring
D:4:      layout_basic, lemuel_crystal_altar, nicolae_yredelemnul_ghost_church
D:5:      layout_cave_pods, chequers_serial_rivers_large_a

Skill      XL: |  1  2  3  4  5  6  7 |
---------------+----------------------+-----
Long Blades    | 2 3 4 5 |  5.3
Fighting       | 3 4 |  4.0
Spellcasting   | 3 |  3.2
Dodging        | 4 |  4.0
Throwing       | |  0.8
Armour         | |  0.7
Translocations | |  3.0

Action                     |  1- 3 |  4- 6 |  7- 9 || total
---------------------------+-------+-------+-------++-------
  Melee: Falchion          |    51 |       |    18 ||    69
         Bite              |    10 |    45 |    30 ||    85
         Punch             |     1 |     3 |     1 ||     5
         Demon whip        |    17 |   139 |       ||   156
         Dagger            |       |    22 |    61 ||    83
         Long sword        |       |    21 |    18 ||    39
    Use: Scroll            |       |     1 |       ||     1
   Stab: Sleeping          |       |     4 |       ||     4
 Armour: Leather armour    |    17 |    51 |    22 ||    90
  Dodge: Dodged            |    34 |   111 |    69 ||   214

Table legend: (Time is in decaauts)
 A = Elapsed time spent in this place.
 B = Non-inter-level travel time spent in this place.
 C = Inter-level travel time spent in this place.
 D = Time resting spent in this place.
 E = Time spent auto-exploring this place.
 F = Levels seen in this place.
 G = Mean time per level.
                   A        B        C        D        E       F      G
               +--------+--------+--------+--------+--------+-----+--------+
         Total |   3680 |   3558 |    122 |    167 |   2479 |   5 |  736.0 |
       Dungeon |   3680 |   3558 |    122 |    167 |   2479 |   5 |  736.0 |
               +--------+--------+--------+--------+--------+-----+--------+

Top non-repeatable levels by time:
     D:3: 989 daAuts
     D:2: 971 daAuts
     D:1: 806 daAuts
     D:4: 707 daAuts
     D:5: 205 daAuts
